Map: Redstorm

Players

ILIEKEGGPIE

  • Race: Terran Terran
  • Spawn Location: 1:00

BizMac

  • Race: Protoss Protoss
  • Spawn Location: 1:00

Adnap - Winner!

  • Race: Terran Terran
  • League: Master
  • Spawn Location: 7:00

waRMachiiNe - Winner!

  • Race: Zerg Zerg
  • League: Master
  • Spawn Location: 7:00

VOD

Have the link to the VOD?

Description

Time

  • Played on: May 17, 2018, 6:17 p.m.
  • Length: 8:49
Show
View Real Time Build Order
Export as new Build Order

ILIEKEGGPIE Terran 

Build Orders:  

Get SALT Encoding   

  12  0:02  SCV  
  13  0:14  SCV  
  14  0:23  Supply Depot  
  14  0:26  SCV  
  15  0:40  Refinery  
  15  0:44  SCV  
  15  0:46  Barracks  
  16  0:56  SCV  
  17  1:02  Refinery  
  17  1:09  SCV  
  18  1:21  SCV  
  18  1:22  Barracks  
  19  1:38  Supply Depot  
  19  1:40  Reaper  
  20  1:50  Barracks  
  20  2:00  Orbital Command  
  20  2:12  Reaper  
  21  2:21  Reaper  
  21  2:44  Reaper  
  20  3:13  Reaper  
  22  3:20  Barracks Reactor  
  22  3:22  Reaper  
  22  3:23  Factory  
  22  3:29  SCV  
  23  3:41  SCV  
  24  3:48  Barracks Tech Lab  
  24  3:53  SCV  
  24  3:54  Barracks Reactor  
  25  4:05  SCV  
  25  4:06  Command Center  
  25  4:08  Stimpack  
  26  4:17  SCV  
  27  4:29  SCV  
  28  4:41  SCV  
  28  4:42  Marine x2  
  31  4:47  Supply Depot  
  31  4:54  Barracks Reactor  
  31  5:06  Supply Depot  
  31  5:09  Marine x2  
  33  5:15  SCV  
  33  5:16  Marine  
  33  5:20  Cyclone x2  
  41  5:26  Marine  
  41  5:27  Marauder  
  42  5:28  Supply Depot  
  42  5:38  Marine  
  42  5:39  Marine  
  44  5:48  Marauder  
  46  6:06  Supply Depot  
  46  6:10  Marauder  
  48  6:11  Engineering Bay  
  48  6:13  Engineering Bay  
  4  6:51  Terran Infantry Weapons Level 1  
  4  6:52  Terran Infantry Armor Level 1  
  4  7:03  Marine x2  
  6  7:10  Widow Mine x2  
  10  7:18  Orbital Command  
  10  7:24  Marine x2  
  10  7:25  Barracks Tech Lab  
  10  7:26  Barracks Tech Lab  
  12  7:42  Marine  
  13  7:45  SCV  
  14  7:57  SCV  
  15  8:09  SCV  
Show
View Real Time Build Order
Export as new Build Order

BizMac Protoss 

Build Orders: Blink Stalkers 

Get SALT Encoding   

  12  0:06  Probe  
  13  0:18  Probe  
  14  0:23  Pylon  
  14  0:31  Probe  
  14  0:35  Assimilator  
  15  0:43  Probe  
  15  0:49  Gateway  
  16  0:53  Probe  
  17  1:01  Probe  
  17  1:09  Probe  
  18  1:15  Assimilator  
  19  1:21  Probe  
  20  1:35  Gateway  
  20  1:37  Cybernetics Core  
  20  1:40  Pylon  
  20  1:43  Probe  
  21  1:54  Warp Gate  
  21  1:55  Probe  
  22  2:03  Pylon  
  22  2:07  Probe  
  23  2:20  Stalker  
  25  2:27  Stalker  
  27  3:14  Gateway  
  27  3:22  Twilight Council  
  27  3:32  Gateway  
  27  3:44  Blink  
  31  3:56  Pylon  
  27  4:11  Zealot x3  
  33  4:41  Zealot  
  33  4:42  Stalker  
  33  4:43  Stalker x2  
  41  5:05  Nexus  
  41  5:15  Stalker x3  
  41  5:21  Pylon  
  47  5:22  Pylon  
  47  5:23  Pylon  
  41  5:39  Stalker x4  
  49  6:10  Pylon x2  
  42  6:47  Stalker x4  
  44  7:18  Stalker  
  44  7:19  Stalker x3  
  28  7:39  Probe  
  29  7:45  Probe  
  29  7:47  Probe  
  30  7:53  Probe  
  30  7:57  Probe  
  32  8:01  Probe  
  34  8:05  Probe  
  35  8:13  Probe x2  
  33  8:23  Stalker  
  33  8:25  Probe  
Show
View Real Time Build Order
Export as new Build Order

Adnap Terran - Winner!

Build Orders: Reaper Expand, MMM Bio 

Get SALT Encoding   

  12  0:01  SCV  
  13  0:13  SCV  
  14  0:19  Supply Depot  
  14  0:25  SCV  
  15  0:40  SCV  
  15  0:42  Barracks  
  16  0:49  Refinery  
  16  0:52  SCV  
  17  1:04  SCV  
  18  1:16  SCV  
  19  1:29  Orbital Command  
  19  1:33  Reaper  
  20  1:42  Command Center  
  20  1:52  Barracks  
  20  1:56  SCV  
  21  2:04  Supply Depot  
  21  2:13  Barracks Reactor, SCV  
  22  2:16  Refinery  
  22  2:25  SCV  
  23  2:35  Factory  
  23  2:37  SCV  
  23  2:41  Barracks Tech Lab  
  24  2:49  SCV  
  25  2:52  Marine x2  
  27  3:00  Orbital Command  
  27  3:01  SCV  
  27  3:02  Stimpack  
  28  3:05  Marine  
  29  3:13  SCV  
  30  3:21  Starport  
  30  3:25  Factory Reactor, SCV  
  31  3:28  Marine  
  31  3:29  Marine x2  
  31  3:31  SCV  
  34  3:43  SCV x2  
  34  3:46  Marine x2  
  34  3:47  Marine  
  34  3:48  Supply Depot  
  39  3:51  Supply Depot  
  39  3:55  SCV x2  
  41  4:04  Marine x3  
  41  4:07  Medivac  
  41  4:09  Medivac  
  48  4:10  SCV  
  48  4:12  SCV  
  48  4:16  Supply Depot  
  50  4:22  Marine x3, SCV  
  54  4:24  SCV  
  55  4:34  SCV  
  56  4:40  Marine x3  
  59  4:52  Widow Mine  
  61  4:53  Command Center  
  61  4:54  SCV x2  
  61  4:58  Supply Depot  
  61  4:59  Supply Depot  
  63  5:01  Marine x3  
  63  5:03  Combat Shields  
  63  5:05  Medivac  
  68  5:10  SCV x2  
  70  5:19  Barracks  
  70  5:22  SCV  
  70  5:23  SCV  
  70  5:24  Engineering Bay  
  70  5:26  Factory Tech Lab  
  69  5:30  Engineering Bay  
  69  5:35  Marine x2  
  67  5:36  Starport Reactor  
  68  5:43  Marine  
  68  5:45  SCV x2  
  68  5:48  Refinery  
  71  5:51  Refinery  
  71  5:55  Terran Infantry Weapons Level 1, Terran Infantry Armor Level 1  
  71  5:57  SCV  
  71  5:58  SCV  
  73  6:05  Marine x2  
  73  6:06  Siege Tank  
  73  6:07  Marine x2  
  73  6:10  SCV  
  81  6:25  Marine x2  
  76  6:26  Marine x3  
  76  6:28  Medivac  
  80  6:34  SCV x2  
  80  6:35  Orbital Command  
  80  6:38  Siege Tank  
  83  6:43  Marine x3  
  83  6:44  Marine x2  
  83  6:46  SCV  
  89  6:47  SCV  
  89  7:00  Medivac x2  
  89  7:01  Marine x4  
  89  7:02  Marine  
  89  7:04  Barracks  
  89  7:05  Armory, Barracks, SCV  
  89  7:07  SCV x2  
  96  7:19  Marine x2  
  96  7:23  SCV x3  
  96  7:27  Supply Depot  
  96  7:28  Supply Depot  
  94  7:33  Marine x2  
  94  7:35  Marine  
  94  7:36  Marine  
  95  7:37  Marine  
  95  7:40  Siege Tank  
  95  7:42  SCV  
  101  7:48  Medivac  
  101  7:49  SCV x2  
  101  7:51  Marine x2  
  106  7:53  Marine  
  106  7:54  SCV  
  109  8:01  Marine x2  
  109  8:03  Barracks Reactor x2  
  111  8:07  Supply Depot  
  111  8:09  Supply Depot x2, Marine x2  
  113  8:19  SCV  
  114  8:21  Marine x3  
  117  8:28  Marine  
Show
View Real Time Build Order
Export as new Build Order

waRMachiiNe Zerg - Winner!

Build Orders: Pool First 

Get SALT Encoding   

  12  0:01  Drone  
  13  0:18  Drone  
  14  0:22  Extractor  
  14  0:23  Drone  
  14  0:37  Spawning Pool, Drone  
  14  0:47  Overlord  
  14  1:05  Drone x2  
  16  1:24  Metabolic Boost, Zergling x4  
  18  1:28  Queen  
  20  1:33  Drone  
  20  1:39  Zergling x2  
  22  2:00  Hatchery  
  21  2:04  Overlord  
  21  2:22  Queen  
  23  2:34  Zergling x6  
  26  2:39  Drone x3  
  29  2:47  Drone  
  30  2:52  Spine Crawler  
  29  3:01  Drone  
  29  3:15  Overlord  
  29  3:18  Drone x3  
  32  3:22  Drone  
  32  3:23  Drone  
  34  3:30  Drone  
  34  3:34  Drone  
  34  3:38  Drone  
  34  3:39  Drone x2  
  38  3:47  Drone  
  38  3:48  Drone x4  
  43  3:59  Overlord  
  43  4:02  Hatchery  
  42  4:06  Drone  
  43  4:15  Drone, Extractor  
  43  4:17  Overlord x2  
  43  4:19  Drone x3  
  43  4:23  Extractor x2  
  44  4:30  Drone x3  
  47  4:31  Drone  
  47  4:34  Queen  
  47  4:37  Drone  
  51  4:40  Drone  
  51  4:42  Lair  
  51  4:57  Drone x2  
  51  4:58  Drone, Spine Crawler  
  53  5:00  Spine Crawler x2  
  50  5:08  Drone x3  
  50  5:10  Spine Crawler  
  52  5:17  Spine Crawler  
  52  5:20  Queen  
  54  5:21  Drone x2  
  54  5:26  Drone x2  
  54  5:27  Drone  
  58  5:29  Drone  
  58  5:32  Drone  
  58  5:33  Drone  
  61  5:36  Drone  
  62  5:43  Drone x2  
  62  5:46  Drone  
  65  5:51  Drone  
  65  5:52  Drone x2  
  68  6:00  Drone x3  
  72  6:11  Drone x3  
  74  6:18  Overlord  
  74  6:19  Overlord x2  
  74  6:26  Extractor x2  
  74  6:27  Zergling x2  
  69  6:37  Zergling x6  
  72  6:43  Zergling x4  
  72  6:47  Spire  
  71  6:59  Zergling x6  
  71  7:00  Zergling x6  
  77  7:05  Zergling x4  
  77  7:06  Queen  
  77  7:07  Queen  
  81  7:08  Zergling x2  
  81  7:11  Zergling x2  
  81  7:13  Zergling x2  
  80  7:17  Zergling x2  
  80  7:22  Drone x2  
  82  7:28  Drone  
  82  7:29  Queen  
  84  7:33  Overlord  
  84  7:34  Overlord  
  84  7:35  Overseer  
  84  7:42  Pneumatized Carapace  
  84  7:43  Overlord  
  84  7:47  Drone  
  84  7:48  Drone  
  86  7:53  Spine Crawler  
  86  7:55  Spine Crawler  
  84  8:02  Spine Crawler  
  84  8:03  Spine Crawler x2  
  84  8:05  Drone x3  
  84  8:06  Drone x2, Spine Crawler  
  84  8:07  Drone x3  
  84  8:08  Spine Crawler  
  84  8:11  Spine Crawler  
  86  8:14  Spine Crawler  
  85  8:26  Drone x2  
  107  8:48  Hatchery  
Tags
 
Add a new tag
Caveats
  • Supply blocks, unpowered buildings, or Contaminate may cause inaccurate times.
  • Supply counts are checked every 10 seconds.